 Dungeon Crawl Stone Soup version 0.31-a0-202-g547052bce9 (webtiles) character file.

Game seed: 1808451682722527427

627 qw the Skirmisher (level 7, -2/40 HPs)
             Began as a Deep Elf Hunter on June 26, 2023.
             Was an Initiate of Okawaru.
             Killed from afar by Dowan (6 damage)
             ... with a puff of flame
             ... on level 5 of the Dungeon.
             The game lasted 00:01:25 (3496 turns).

qw the Skirmisher (Deep Elf Hunter)                 Turns: 3496, Time: 00:01:26

Health: -2/40      AC:  8    Str: 10    XL:     7   Next: 23%
Magic:  9/9        EV: 11    Int: 14    God:    Okawaru [......]
Gold:   256        SH:  0    Dex: 18    Spells: 6/6 levels left

rFire   . . .        Y - +1 shortbow
rCold   . . .        (shield currently unavailable)
rNeg    . . .        e - +0 ring mail
rPois   .            (no helmet)
rElec   .            b - +0 cloak
rCorr   .            (no gloves)
SInv    .            i - +1 pair of boots
Will    .....        n - amulet of regeneration
Stlth   +            (no ring)
HPRegen 1.06/turn    (no ring)
MPRegen 0.11/turn

%: no passive effects
@: lethally poisoned (-2 -> -12), about to teleport
A: no striking features
a: Renounce Religion


You were on level 5 of the Dungeon.
You worshipped Okawaru.
Okawaru was noncommittal.
You visited 2 branches of the dungeon, and saw 7 of its levels.

You collected 256 gold pieces.


   Skills:
 - Level 2.0 Fighting
 + Level 10.7 Ranged Weapons
 - Level 1.4 Armour
 - Level 3.3 Dodging
 - Level 1.2 Stealth


You had 6 spell levels left.
You didn't know any spells.
Your spell library was empty.

Inventory:

Hand Weapons
 Y - a +1 shortbow (weapon)
Armour
 b - a +0 cloak (worn)
 e - a +0 ring mail (worn)
 i - a +1 pair of boots (worn)
Jewellery
 n - an amulet of regeneration (around neck)
Scrolls
 f - a scroll of identify
Potions
 a - a potion of resistance
 d - a potion of enlightenment
 h - a potion of lignification {unknown}
 j - a potion of haste
 k - 2 potions of curing
 m - a potion of mutation {unknown}
 o - 2 potions of heal wounds

Dungeon Overview and Level Annotations

Branches:
Dungeon (6/15)             Temple (1/1) D:4

Altars:
Ashenzari
Cheibriados
Dithmenos
Elyvilon
Fedhas
Gozag
Hepliaklqana
Kikubaaqudgha
Makhleb
Okawaru
Qazlal
Sif Muna
Trog
Uskayaw
Vehumet
Wu Jian
Xom
Yredelemnul
Zin
The Shining One

Annotations:
D:5 Dowan, Duvessa


Message History

You shoot an arrow. The arrow hits Duvessa.
Duvessa is lightly wounded.
You feel sick. The shadow imp gestures at you.
You struggle to resist.
Duvessa misses you.
You shoot an arrow. The arrow hits Duvessa!
Duvessa is heavily wounded.
You feel sick. Dowan gestures at you while chanting.
The puff of flame misses you.
The shadow imp hits you but does no damage.
Duvessa hits you with a +0 rapier of venom.
You are more poisoned.
You shoot an arrow.
The arrow hits Duvessa but does no damage.
Duvessa is heavily wounded.
You feel very sick. The shadow imp gestures at you.
Pain shoots through your body! Dowan hits you but does no damage.
Duvessa hits you with a +0 rapier of venom.
You are more poisoned.
3494 ||| STAIRDANCE You feel very sick.
Dowan hits you with a +0 dagger.
Duvessa hits you with a +0 rapier of venom!
You are lethally poisoned!
The shadow imp hits you but does no damage.
You climb upwards.
You feel extremely sick.
There is a stone staircase leading down here.
3496 ||| READING scroll of teleportation.
As you read the scroll of teleportation, it crumbles to dust.
You feel strangely unstable.
You feel very sick. Duvessa closely misses you. The shadow imp gestures at you.
You struggle to resist.
Dowan casts a spell at you. The puff of flame hits you.
You die...

.## #.##........#.<........###..
..####.##......#.#..........# #..
...#...##......#.#..........###..
........########.#..........##...
.........# #.###.#########...
.........# #.##..# ##..##
.........### #.##.## ###<.##
...........#####.#..######...##
...#...###.....e@5.###.....###
#.####.#########.e.##..##### #.#
#..# ##.#....########### #.# ##.#
##.................. #.### #.##
#.....######..###... #...# #..#
##...#######......... ###.#
##)####....####....###.....
.##.####/##...........#### #.....
............####.###### #...!.


You could see Duvessa, Dowan and a shadow imp.

Vanquished Creatures
  Sigmund (D:4)
  A scorpion (D:5)
  3 hounds (D:5)
  A jelly (D:5)
  Jessica (D:2)
  A sleepcap (D:5)
  Natasha (thrice) (D:2)
  An iguana (D:5)
  An orc wizard (D:4)
  3 gnolls (D:2)
  An adder (D:4)
  3 dart slugs (D:3)
  10 orcs
  4 ball pythons
  4 endoplasms
  4 giant cockroaches
  4 goblins
  A hobgoblin (D:2)
  4 jackals (D:2)
  4 kobolds
  5 quokkas
  8 bats
  A rat (D:1)
69 creatures vanquished.

Notes
Turn   | Place    | Note
-------+----------+-------------------------------------------
     0 | D:1      | qw the Deep Elf Hunter began the quest for the Orb.
     0 | D:1      | Reached XP level 1. HP: 12/12 MP: 3/3
     0 | D:1      | 0 ||| qw: Version: 0.3-a-22-g0ed2b0b
     0 | D:1      | 0 ||| qw: Game counter: 6085
     0 | D:1      | 0 ||| qw: Melee chars always use a shield: true
     0 | D:1      | 0 ||| qw: God list: Okawaru
     0 | D:1      | 0 ||| qw: Allow faded altars: false
     0 | D:1      | 0 ||| qw: Do Orc after clearing Dungeon:15 true
     0 | D:1      | 0 ||| qw: Do second Lair branch before Depths: true
     0 | D:1      | 0 ||| qw: Lair rune preference: random
     0 | D:1      | 0 ||| qw: Goals: Normal
     0 | D:1      | 0 ||| PLANNING D:1-11
   103 | D:1      | Reached XP level 2. HP: 16/16 MP: 4/4
   141 | D:1      | Reached skill level 6 in Ranged Weapons
   371 | D:1      | 371 ||| UPGRADING to +0 ring mail.
   381 | D:1      | 381 ||| DROPPING +0 leather armour.
   382 | D:1      | 382 ||| READING scroll labelled TIGGOE PEEMAMU.
   383 | D:1      | 383 ||| READING scroll labelled VOYH PYBUSUCH.
   384 | D:1      | 384 ||| READING scroll labelled XURAMI TECI.
   387 | D:1      | 387 ||| READING scroll labelled ZYMONNEOPP.
   388 | D:1      | 388 ||| DRINKING 2 smoky golden potions.
   389 | D:1      | 389 ||| DRINKING 2 white potions.
   390 | D:1      | 390 ||| DRINKING 2 orange potions.
   391 | D:1      | 391 ||| DROPPING scroll of butterflies.
   409 | D:2      | Noticed Natasha
   415 | D:2      | HP: 2/16 [Natasha (4)]
   416 | D:2      | 416 ||| DRINKING potion of heal wounds.
   420 | D:2      | Killed Natasha
   421 | D:2      | Reached XP level 3. HP: 17/20 MP: 5/5
   501 | D:2      | Reached skill level 7 in Ranged Weapons
   569 | D:2      | Found a faded altar of an unknown god.
   624 | D:2      | Noticed Natasha
   635 | D:2      | Killed Natasha
   636 | D:2      | Reached XP level 4. HP: 18/25 MP: 6/6
   834 | D:2      | Noticed Jessica
   839 | D:2      | Killed Jessica
   840 | D:2      | Reached skill level 8 in Ranged Weapons
   872 | D:2      | Noticed Natasha
   877 | D:2      | Killed Natasha
  1045 | D:2      | 1045 ||| Stepping ~*~*~tactically~*~*~ (outnumbered).
  1049 | D:2      | Reached XP level 5. HP: 25/29 MP: 7/7
  1052 | D:2      | 1052 ||| FLEEEEING.
  1053 | D:2      | 1053 ||| FLEEEEING.
  1054 | D:2      | 1054 ||| FLEEEEING.
  1056 | D:2      | 1056 ||| FLEEEEING.
  1057 | D:2      | 1057 ||| FLEEEEING.
  1058 | D:2      | 1058 ||| FLEEEEING.
  1059 | D:2      | 1059 ||| FLEEEEING.
  1061 | D:2      | 1061 ||| FLEEEEING.
  1062 | D:2      | 1062 ||| FLEEEEING.
  1063 | D:2      | 1063 ||| FLEEEEING.
  1064 | D:2      | 1064 ||| FLEEEEING.
  1065 | D:2      | 1065 ||| FLEEEEING.
  1066 | D:2      | 1066 ||| FLEEEEING.
  1067 | D:2      | 1067 ||| FLEEEEING.
  1068 | D:2      | 1068 ||| FLEEEEING.
  1069 | D:2      | 1069 ||| FLEEEEING.
  1450 | D:2      | 1450 ||| UPGRADING to +0 cloak.
  1912 | D:3      | HP: 7/29 [orc/+0 flail (5)]
  2187 | D:3      | 2187 ||| UPGRADING to +0 pair of boots.
  2192 | D:3      | 2192 ||| READING 2 scrolls labelled VYGUKI DODUSYU.
  2193 | D:3      | 2193 ||| DRINKING 2 dark potions.
  2205 | D:4      | Noticed Sigmund
  2211 | D:4      | 2211 ||| STAIRDANCE
  2257 | D:4      | Killed Sigmund
  2258 | D:4      | Reached skill level 10 in Ranged Weapons
  2258 | D:4      | Reached XP level 6. HP: 34/34 MP: 8/8
  2294 | D:4      | Found a radiant altar of Vehumet.
  2328 | D:4      | Found a staircase to the Ecumenical Temple.
  2329 | D:4      | 2329 ||| PLANNING TEMPLE
  2330 | D:4      | 2330 ||| UPGRADING to amulet of regeneration.
  2335 | D:4      | 2335 ||| READING 3 scrolls of identify.
  2335 | D:4      | 2335 ||| IDENTIFYING emerald potion
  2336 | D:4      | 2336 ||| READING 2 scrolls of identify.
  2336 | D:4      | 2336 ||| IDENTIFYING viscous purple potion
  2337 | D:4      | 2337 ||| DROPPING potion of invisibility.
  2338 | D:4      | 2338 ||| DROPPING potion of attraction.
  2347 | Temple   | Entered the Ecumenical Temple
  2504 | Temple   | 2504 ||| PLANNING OKAWARU WORSHIP
  2522 | Temple   | Became a worshipper of Warmaster Okawaru
  2523 | Temple   | 2523 ||| PLANNING D:1-11
  2791 | D:4      | 2791 ||| READING 2 scrolls of identify.
  2791 | D:4      | 2791 ||| IDENTIFYING metallic ruby potion
  2795 | D:5      | Entered Level 5 of the Dungeon
  2796 | D:5      | 2796 ||| STAIRDANCE
  2914 | D:5      | Reached skill level 1 in Armour
  2980 | D:5      | 2980 ||| READING 2 scrolls of identify.
  2980 | D:5      | 2980 ||| IDENTIFYING viscous amethyst potion
  3156 | D:5      | Reached skill level 3 in Dodging
  3174 | D:5      | Reached XP level 7. HP: 27/40 MP: 9/9
  3200 | D:5      | 3200 ||| READING scroll of enchant armour.
  3200 | D:5      | 3200 ||| ENCHANTING +0 pair of boots.
  3242 | D:5      | Found a white marble altar of Elyvilon.
  3242 | D:5      | Found a blossoming altar of Fedhas.
  3345 | D:5      | 3345 ||| DROPPING scarf of harm.
  3346 | D:5      | 3346 ||| READING scroll labelled ENE ENEOFOUG.
  3347 | D:5      | 3347 ||| READING scroll labelled KAHELI GAAWAIF.
  3348 | D:5      | 3348 ||| DRINKING 2 bubbling clear potions.
  3452 | D:5      | 3452 ||| DROPPING potion of ambrosia.
  3453 | D:5      | 3453 ||| DROPPING potion of berserk rage.
  3470 | D:6      | Noticed Duvessa
  3470 | D:6      | Noticed Dowan
  3473 | D:6      | 3473 ||| STAIRDANCE
  3494 | D:6      | 3494 ||| STAIRDANCE
  3495 | D:5      | HP: 8/40 [poisoned by Duvessa]
  3496 | D:5      | 3496 ||| READING scroll of teleportation.
  3496 | D:5      | Killed from afar by Dowan

Levels and vault maps discovered:
D:1:      mrwooster_arrival_statue, layout_rooms, feat_on_display
D:2:      layout_loops_corners, ebering_ecumenical_altar_mist, uniq_natasha,
          uniq_jessica
D:3:      layout_basic, minmay_misc_feat_more_columns, grunt_decor_mini_mirrors,
          due_unseen_surprise
D:4:      layout_rooms, nicolae_vehumet_altar_sigil,
          minmay_temple_entry_sparse_star, uniq_sigmund
D:5:      layout_rooms, nicolae_overflow_two_pavilions, serial_bayou_pond_a
D:6:      layout_rooms, uniq_crazy_yiuf_cottage, uniq_duvessa
Temple:   bh_familiar_temple

Skill      XL: |  1  2  3  4  5  6 |
---------------+-------------------+-----
Ranged Weapons | 6 7 8 10 | 10.7
Fighting       | 2 |  2.0
Armour         | 1 |  1.4
Dodging        | 3 |  3.3
Stealth        | |  1.2

Action                     |  1- 3 |  4- 6 |  7- 9 || total
---------------------------+-------+-------+-------++-------
   Fire: Shortbow          |    61 |   177 |    20 ||   258
    Use: Scroll            |     4 |     5 |     4 ||    13
         Potion            |     4 |     1 |     1 ||     6
 Armour: Ring mail         |     4 |    21 |     7 ||    32
         Leather armour    |     3 |       |       ||     3
  Dodge: Dodged            |    10 |    58 |     9 ||    77

Table legend:
 A = Non-vault XP
 B = Vault XP
 C = Vault XP percentage of total XP
 D = Non-vault monster count
 E = Vault monster count
 F = Vault count percentage of total count
                 A         B        C        D         E       F
            +---------+---------+-------+---------+---------+-------
      Total |     600 |     296 |  33.0 |      66 |       3 |   4.3
            +---------+---------+-------+---------+---------+-------
        D:1 |      26 |       0 |   0.0 |      15 |       0 |   0.0
        D:2 |     137 |      73 |  34.8 |      18 |       2 |  10.0
        D:3 |      38 |       0 |   0.0 |      16 |       0 |   0.0
        D:4 |      56 |     223 |  79.9 |       6 |       1 |  14.3
        D:5 |     343 |       0 |   0.0 |      11 |       0 |   0.0
            +---------+---------+-------+---------+---------+-------
